 Dungeon Crawl Stone Soup version 0.28-a0-662-g1651b1f1e0 (webtiles) character file.

Game seed: 17120605305406951785

32 runemasterragnar the Magician (level 3, -3/27 HPs)
             Began as a Djinni Hedge Wizard on Oct 15, 2021.
             Slain by a gnoll (6 damage)
             ... on level 2 of the Dungeon.
             The game lasted 00:04:31 (1841 turns).

runemasterragnar the Magician (Djinni Hedge Wizard) Turns: 1841, Time: 00:04:31

Health: -3/27      AC:  3    Str: 10    XL:     3   Next: 45%
Gold:   101        EV:  6    Int: 15    God:
                   SH:  0    Dex: 12

rFire   + + .      SeeInvis .   a - +0 dagger
rCold   x . .      Faith    .   (no shield)
rNeg    . . .      Spirit   .   j - +0 leather armour
rPois   ∞          Reflect  .   c - +0 hat
rElec   .          Harm     .   (no cloak)
rCorr   .          Rampage  .   (no gloves)
Will    .....                   (boots unavailable)
Stlth   +.........              (no amulet)
HPRegen 0.09/turn               (no ring)
MPRegen 0.00/turn               (no ring)

@: about to teleport, flying, held
A: sickness immunity, fire resistance 2, cold vulnerability 1, float, innate
caster, hp casting, extra vitality 1
a: no special abilities


You were on level 2 of the Dungeon.
You visited 1 branch of the dungeon, and saw 3 of its levels.

You collected 101 gold pieces.

Inventory:

Hand Weapons
 a - a +0 dagger (weapon)
Missiles
 d - 16 stones
 l - 19 poisoned darts
Armour
 b - a +0 robe
 c - a +0 hat (worn)
 e - a +0 scale mail
 j - a +0 leather armour (worn)
Potions
 f - a potion of ambrosia
 h - a potion of berserk rage
 i - a potion of curing {unknown}
 k - a potion of haste {unknown}


   Skills:
 + Level 1.1 Fighting
 + Level 2.7 Dodging
 - Level 1.5 Stealth
 * Level 3.0 Spellcasting


You couldn't memorise any spells.
You knew the following spells:

 Your Spells              Type           Power      Damage    Failure   Level
a - Magic Dart            Conj           44%        1d5       8%          1
b - Blink                 Tloc           N/A        N/A       12%         2
c - Call Imp              Summ           11%        N/A       12%         2
d - Slow                  Hex            11%        N/A       12%         2
e - Conjure Flame         Conj/Fire      11%        6-21      24%         3
f - Mephitic Cloud        Conj/Pois/Air  11%        N/A       24%         3
g - Sandblast             Erth           22%        2d7       8%          1
Your spell library was empty.

Dungeon Overview and Level Annotations

Branches:
Dungeon (3/15)

Altars:


Innate Abilities, Weirdness & Mutations

You are immune to sickness and miasma.
You are immune to poison.
Your flesh is very heat resistant. (rF++)
You are vulnerable to cold. (rC-)
You float through the air rather than walking.
You learn spells naturally, not from books.
Your magical power is your life essence.
You have superior vitality. (+4 HP)


Message History

Aiming: Magic Dart (safe; 9% risk of failure)
Press: ? - help, Shift-Dir - straight line, f/p - gnoll
Aim: a gnoll, wielding a +0 spear (almost dead, 100% to hit)
You miscast Magic Dart.
Nothing appears to happen.
Casting: Magic Dart (safe; 9% risk of failure)
Confirm with . or Enter, or press ? or * to list all spells.
Aiming: Magic Dart (safe; 9% risk of failure)
Press: ? - help, Shift-Dir - straight line, f/p - gnoll
Aim: a gnoll, wielding a +0 spear (almost dead, 100% to hit)
The magic dart hits the gnoll.
You kill the gnoll!
You hear a splash.
Your Fighting skill increases to level 1!
Your Spellcasting skill increases to level 3!
Unknown command.
Casting: Magic Dart (safe; 8% risk of failure)
Confirm with . or Enter, or press ? or * to list all spells.
Okay, then.
Search for what [Enter for "."]? stone Your magical contamination has completely faded away.
There is a stone staircase leading up here.
You fly upwards.
There is a stone staircase leading down here.
The gnoll shouts!
You see here a +0 robe.
You see here 16 stones.
d - 16 stones The gnoll hits you with a +0 flail.
The gnoll shouts!
The gnoll throws a throwing net.
The throwing net hits you.
You become entangled in the net!
You see here a throwing net.
You struggle against the net.
The gnoll hits you with a +0 flail.
* * * LOW HITPOINT WARNING * * *
You struggle against the net.
The gnoll hits you with a +0 flail.
* * * LOW HITPOINT WARNING * * *
As you read the scroll labelled DAR AMUASACIU, it crumbles to dust.
You feel strangely unstable.
It was a scroll of teleportation.
The gnoll hits you with a +0 flail.
You die...

############ #..........#
#..........# #..........#
#........^.# ######
#..........# #....#
####..........# #...[#
####......gg@....# #....#
##....##(.........####[...#
##[.#####)g..........(.....#
##..#####...........####..<.#
##..#......##...###### #....#
......#######.### ####....#
.g.#### ##...# #.##....#
.....# ###..### ##.#..####
#.)..###...## ###..#.##


You could see 3 gnolls.

Vanquished Creatures
  A gnoll (D:3)
  An endoplasm (D:2)
  A goblin (D:1)
  3 hobgoblins
  A quokka (D:1)
  2 ball pythons (D:1)
  2 bats (D:2)
  5 frilled lizards
  6 kobolds
  2 rats (D:3)
24 creatures vanquished.

Vanquished Creatures (others)
  4 plants (D:3)
4 creatures vanquished.

Grand Total: 28 creatures vanquished

Notes
Turn   | Place    | Note
-------+----------+-------------------------------------------
     0 | D:1      | runemasterragnar the Djinni Hedge Wizard began the quest
                  | for the Orb.
     0 | D:1      | Reached XP level 1. HP: 15/15 MP: 0/0
   326 | D:1      | Reached XP level 2. HP: 18/22 MP: 0/0
  1779 | D:3      | Reached XP level 3. HP: 24/26 MP: 0/0
  1779 | D:3      | Learned a level 1 spell: Sandblast
  1796 | D:3      | Reached skill level 1 in Fighting
  1796 | D:3      | Reached skill level 3 in Spellcasting
  1841 | D:2      | Slain by a gnoll

Illustrated notes

Levels and vault maps discovered:
D:1:      dpeg_arrival_windows_large_door, layout_basic
D:2:      layout_rooms
D:3:      layout_basic, hellmonk_ecumenical_altar_lost_god, serial_bayou,
          serial_bayou_ford_a, serial_bayou_lake_a, serial_bayou_crossing,
          serial_bayou_pond_c, uniq_natasha

Skill      XL: |  1  2  3 |
---------------+----------+-----
Fighting       | 1 |  1.1
Spellcasting   | 3 |  3.0
Dodging        | |  2.7
Stealth        | |  1.5

Action                   || total
-------------------------++-------
Melee: Dagger            ||    11
 Cast: Magic Dart        ||    52
  Use: Scroll            ||     3
Dodge: Dodged            ||    16

Table legend: (Time is in decaauts)
 A = Elapsed time spent in this place.
 B = Non-inter-level travel time spent in this place.
 C = Inter-level travel time spent in this place.
 D = Time resting spent in this place.
 E = Time spent auto-exploring this place.
 F = Levels seen in this place.
 G = Mean time per level.
                   A        B        C        D        E       F      G
               +--------+--------+--------+--------+--------+-----+--------+
         Total |   1843 |   1690 |    153 |    156 |   1257 |   3 |  614.3 |
       Dungeon |   1843 |   1690 |    153 |    156 |   1257 |   3 |  614.3 |
               +--------+--------+--------+--------+--------+-----+--------+

Top non-repeatable levels by time:
     D:1: 939 daAuts
     D:2: 785 daAuts
     D:3: 118 daAuts
